 Dungeon Crawl Stone Soup version 0.31-a0-18-gea43df2 (webtiles) character file.

Game seed: 8632337154376093782

274 Nithhogg the Trooper (level 6, -2/56 HPs)
             Began as a Hill Orc Fighter on May 9, 2023.
             Slain by a gnoll
             ... wielding a +0 flail
             ... led by a gnoll bouda
              (6 damage)
             ... on level 4 of the Dungeon.
             The game lasted 00:04:59 (2878 turns).

Nithhogg the Trooper (Hill Orc Fighter)             Turns: 2878, Time: 00:05:00

Health: -2/56      AC:  8    Str: 21    XL:     6   Next: 24%
Magic:  8/8        EV:  9    Int:  8    God:
Gold:   164        SH:  0    Dex: 10    Spells: 5/5 levels left

rFire   . . .        a - +1 war axe
rCold   . . .        (no shield)
rNeg    . . .        b - +1 scale mail
rPois   .            (no helmet)
rElec   .            (no cloak)
rCorr   .            (no gloves)
SInv    .            (no boots)
Will    .....        (no amulet) Stlth
                     (no ring)
HPRegen 0.29/turn    (no ring)
MPRegen 0.11/turn

%: no passive effects
@: no status effects
A: no striking features
a: no special abilities


You were on level 4 of the Dungeon.
You visited 1 branch of the dungeon, and saw 4 of its levels.

You collected 164 gold pieces.

Inventory:

Hand Weapons
 a - a +1 war axe (weapon)
Missiles
 g - 4 atropa-tipped darts (quivered)
Armour
 b - a +1 scale mail (worn)
 c - a +0 buckler
Wands
 p - a wand of mindburst (10)
Scrolls
 m - a scroll of fog
 r - a scroll of enchant weapon
Potions
 j - a potion of mutation
 l - 2 potions of lignification {unknown}
 n - 2 potions of degeneration {unknown}
 o - a potion of attraction {unknown}
 s - a potion of berserk rage {unknown}
 t - a potion of ambrosia {unknown}


   Skills:
 + Level 5.1 Fighting
 + Level 4.7 Axes
 + Level 4.7 Armour
 - Level 3.2 Shields
 + Level 3.6 Invocations


You had 5 spell levels left.
You didn't know any spells.
Your spell library was empty.

Dungeon Overview and Level Annotations

Branches:
Dungeon (4/15)
 Temple: D:4-7

Altars:
Nemelex Xobeh
Qazlal
Xom
Zin

Annotations:
D:4 2 runed translucent doors


Message History

The stone hits you but does no damage. The gnoll hits you with a +0 flail!
The gnoll hits you with a +0 flail.
The gnoll throws a stone.
The stone barely misses you.
You are too injured to fight recklessly!
You are too injured to fight recklessly!
You are too injured to fight recklessly!
You are too injured to fight recklessly!
You are too injured to fight recklessly!
There are monsters nearby!
You are too injured to fight recklessly!
You closely miss the gnoll. You hit the gnoll.
The gnoll hits you with a +0 flail. x2; The gnoll throws a stone.
The stone hits you but does no damage. The gnoll hits you with a +0 flail.
* * * LOW HITPOINT WARNING * * *
You slash the gnoll!
The gnoll is severely wounded.
You closely miss the gnoll. The gnoll hits you with a +0 flail!
* * * LOW HITPOINT WARNING * * *
The gnoll barely misses you.
You feel better. The gnoll hits you with a +0 flail.
* * * LOW HITPOINT WARNING * * *
The gnoll throws a stone.
The stone hits you but does no damage. The gnoll hits you with a +0 flail.
* * * LOW HITPOINT WARNING * * *
You feel better.
Your attacks no longer feel as feeble.
The gnoll hits you but does no damage. The gnoll hits you with a +0 flail.
* * * LOW HITPOINT WARNING * * *
The gnoll throws a stone.
The stone hits you but does no damage.
You slash the gnoll!
You kill the gnoll!
You hit the gnoll. The gnoll hits you with a +0 flail!
* * * LOW HITPOINT WARNING * * *
The gnoll throws a stone.
The stone hits you but does no damage. The gnoll completely misses you.
You feel better.
The gnoll hits you from afar with a +0 spear.
* * * LOW HITPOINT WARNING * * *
The gnoll hits you with a +0 flail.
You die...

*********,* *,,,,,,,,.#
********,*******.# *,,,,,,,,*
*.####* *,**############.....* #
*,* #.............##,* # ***,*
#..............#,#**#######
,<*,**#..#.......g..##..,,.......
,**,,,#..#......@)......,,....._.
,****,#..#######).......,,...####
,* *,#........)..g.....,,...#...
,* *,#.#####...).......,,...#..A
,****,#.#####...........,,...#...
,,,,,,#.................,,...####
#######.................,,....._.
........................,,,......
########................,,,*.....


You could see 2 gnolls.

Vanquished Creatures
  A bullfrog (D:4)
  A gnoll bouda (D:4)
  An orc priest (D:3)
  A gnoll (D:4)
  5 adders
  3 worms
  A dart slug (D:1)
  11 orcs
  10 bats
  6 endoplasms
  6 giant cockroaches
  7 goblins
  4 hobgoblins
  8 jackals
  7 kobolds
  A quokka (D:3)
  A ball python (D:2)
  3 frilled lizards (D:3)
  2 rats (D:2)
79 creatures vanquished.

Notes
Turn   | Place    | Note
-------+----------+-------------------------------------------
     0 | D:1      | Nithhogg the Hill Orc Fighter began the quest for the Orb.
     0 | D:1      | Reached XP level 1. HP: 19/19 MP: 1/1
    32 | D:1      | You fall into a shaft and drop 1 floor!
   104 | D:2      | Reached skill level 1 in Invocations
   104 | D:2      | Reached XP level 2. HP: 27/27 MP: 2/2
   263 | D:1      | Reached skill level 4 in Fighting
   289 | D:1      | Reached XP level 3. HP: 33/33 MP: 4/4
  1014 | D:2      | Reached XP level 4. HP: 37/40 MP: 5/5
  1163 | D:2      | Found a shimmering altar of Xom.
  1506 | D:3      | Found a faded altar of an unknown god.
  1642 | D:3      | Reached XP level 5. HP: 25/47 MP: 5/7
  1847 | D:3      | Found a stormy altar of Qazlal.
  1971 | D:3      | Found a sparkling altar of Nemelex Xobeh.
  2219 | D:4      | Found a large runed translucent door.
  2219 | D:4      | Found a large runed translucent door.
  2269 | D:4      | Noticed a wyvern
  2309 | D:4      | Found a shimmering altar of Xom.
  2311 | D:4      | Noticed an angel
  2313 | D:4      | Found a glowing silver altar of Zin.
  2342 | D:4      | HP: 2/47 [worm (5)]
  2524 | D:4      | Found a large runed translucent door.
  2555 | D:4      | Found a large runed translucent door.
  2594 | D:4      | HP: 1/47 [wyvern (15)]
  2818 | D:4      | Reached skill level 5 in Fighting
  2818 | D:4      | Reached XP level 6. HP: 45/56 MP: 8/8
  2877 | D:4      | HP: 2/56 [gnoll/+0 flail[a gnoll bouda] (8)]
  2878 | D:4      | Slain by a gnoll

Illustrated notes

Levels and vault maps discovered:
D:1:      amcnicky_arrival_gap_in_the_tavern_cellar, layout_loops_ring
D:2:      layout_rooms, basic_altar
D:3:      layout_basic, nemelex_dance_club_becter,
          nicolae_qazlal_eye_of_the_storm, ebering_ecumenical_altar_abandoned,
          nicolae_concentric_dashed_squares_wild
D:4:      layout_basic, grunt_temple_overflow_order_and_chaos_1,
          mainiacjoe_overflow_brackets, minivault_19,
          minmay_hollow_rounded_squares

Skill      XL: |  1  2  3  4  5 |
---------------+----------------+-----
Axes           | 3 4 |  4.7
Invocations    | 1 2 3 |  3.6
Fighting       | 4 5 |  5.1
Armour         | 4 |  4.7
Shields        | |  3.2

Action                     |  1- 3 |  4- 6 || total
---------------------------+-------+-------++-------
  Melee: War axe           |    80 |   148 ||   228
         Punch             |     1 |     2 ||     3
    Use: Scroll            |     3 |     7 ||    10
         Potion            |       |     6 ||     6
 Armour: Scale mail        |    42 |   105 ||   147
  Dodge: Dodged            |    46 |    93 ||   139

Table legend: (Time is in decaauts)
 A = Elapsed time spent in this place.
 B = Non-inter-level travel time spent in this place.
 C = Inter-level travel time spent in this place.
 D = Time resting spent in this place.
 E = Time spent auto-exploring this place.
 F = Levels seen in this place.
 G = Mean time per level.
                   A        B        C        D        E       F      G
               +--------+--------+--------+--------+--------+-----+--------+
         Total |   2950 |   2810 |    140 |    319 |   1922 |   4 |  737.5 |
       Dungeon |   2950 |   2810 |    140 |    319 |   1922 |   4 |  737.5 |
               +--------+--------+--------+--------+--------+-----+--------+

Top non-repeatable levels by time:
     D:3: 1017 daAuts
     D:1: 741 daAuts
     D:2: 647 daAuts
     D:4: 544 daAuts
